Map: Doraelus Hills

Players

JohnMcClane

  • Race: Zerg Zerg

JackONeill

  • Race: Zerg Zerg

Hindulaatti

  • Race: Terran Terran

MrAlais

  • Race: Zerg Zerg
  • League: Diamond

lulue

  • Race: Terran Terran

maverick

  • Race: Terran Terran
  • League: Platinum

VOD

Have the link to the VOD?

Description

Time

  • Played on: Jan. 31, 2016, noon
  • Length: 4:43
Show
View Real Time Build Order
Export as new Build Order

JohnMcClane Zerg 

Build Orders: Pool First 

Get SALT Encoding   

  12  0:02  Drone  
  13  0:09  Drone  
  14  0:18  Extractor  
  14  0:21  Drone x2, Extractor  
  16  0:39  Spawning Pool  
  16  0:41  Overlord  
  15  1:06  Extractor  
  15  1:09  Hatchery  
  15  1:10  Drone  
  14  1:26  Queen  
  14  1:30  Drone  
  14  1:31  Drone x2  
  19  1:43  Drone  
  20  1:59  Drone  
  21  2:03  Overlord  
  21  2:14  Drone  
  22  2:20  Queen x2  
  26  2:25  Drone x2  
  28  2:31  Evolution Chamber  
  28  2:32  Drone  
  28  2:40  Roach Warren  
  27  2:52  Drone x3  
  27  2:56  Spore Crawler  
  29  3:02  Drone x2  
  31  3:14  Drone  
  31  3:19  Drone x3  
  35  3:20  Extractor  
  35  3:22  Lair  
  34  3:37  Roach  
  36  3:54  Roach  
  36  3:55  Overlord x2  
  36  4:01  Spine Crawler  
  35  4:15  Roach x6  
Show
View Real Time Build Order
Export as new Build Order

JackONeill Zerg 

Build Orders: 3 Hatch before Pool 

Get SALT Encoding   

  12  0:01  Drone  
  13  0:09  Drone  
  14  0:18  Overlord  
  14  0:26  Drone, Extractor  
  15  0:36  Drone  
  15  0:37  Drone  
  17  0:55  Drone  
  18  0:59  Drone, Hatchery  
  18  1:08  Drone  
  19  1:30  Hatchery  
  18  1:34  Spawning Pool  
  18  1:38  Drone  
  18  1:39  Drone  
  19  1:43  Drone  
  20  1:47  Extractor  
  20  1:50  Drone  
  20  2:01  Drone  
  21  2:12  Drone x2  
  23  2:22  Drone x2  
  25  2:23  Queen  
  27  2:32  Overlord  
  27  2:41  Queen  
  29  2:45  Zergling x6  
  29  2:46  Zergling x2  
  32  3:02  Zergling x6  
  35  3:08  Queen  
  37  3:15  Metabolic Boost  
  37  3:28  Drone x2  
  39  3:39  Zergling x4  
  39  3:40  Zergling x2  
  42  3:43  Overlord  
  42  3:47  Zergling x2  
  42  3:48  Zergling x4  
  39  3:51  Zergling x4  
  40  3:58  Zergling x2  
  40  3:59  Zergling x2  
  37  4:04  Zergling x6  
  37  4:05  Zergling x4  
  32  4:16  Baneling Nest  
  24  4:20  Zergling x6  
Show
View Real Time Build Order
Export as new Build Order

Hindulaatti Terran 

Build Orders:  

Get SALT Encoding   

  12  0:02  SCV  
  13  0:14  SCV  
  14  0:22  Supply Depot  
  14  0:26  SCV  
  15  0:44  SCV  
  15  0:46  Barracks  
  16  0:50  Refinery  
  16  0:56  SCV  
  17  1:08  SCV  
  18  1:20  SCV  
  19  1:33  Orbital Command  
  19  1:34  Marine  
  19  1:35  Supply Depot  
  20  1:53  Marine  
  21  1:59  SCV  
  22  2:09  Command Center, Refinery  
  22  2:12  Marine, SCV  
  24  2:25  SCV  
  25  2:35  Marine  
  24  2:53  Marine  
  24  2:56  Command Center  
  25  3:01  SCV  
  25  3:03  Factory  
  26  3:13  SCV  
  27  3:20  Marine  
  27  3:25  SCV  
  24  3:47  Marine  
  25  3:48  Widow Mine  
  25  3:53  Factory  
  25  3:54  Factory  
  25  3:55  SCV x2, Barracks  
  28  3:57  Starport  
  28  4:05  Marine  
  28  4:09  SCV x2  
  31  4:15  SCV  
Show
View Real Time Build Order
Export as new Build Order

MrAlais Zerg 

Build Orders: Hatch First 

Get SALT Encoding   

  12  0:02  Drone  
  13  0:14  Overlord  
  13  0:17  Drone  
  14  0:32  Drone x2  
  16  0:36  Drone  
  17  0:50  Drone  
  18  0:57  Hatchery  
  17  1:05  Drone, Extractor  
  17  1:17  Spawning Pool  
  16  1:19  Drone  
  16  1:23  Drone  
  18  1:35  Overlord  
  18  1:49  Drone  
  18  1:53  Drone  
  20  2:02  Drone  
  20  2:03  Queen  
  20  2:07  Metabolic Boost  
  23  2:10  Drone  
  24  2:19  Queen  
  24  2:21  Drone x2  
  28  2:24  Zergling x2  
  28  2:29  Extractor  
  28  2:31  Zergling x2  
  28  2:35  Zergling x2  
  30  2:42  Zergling x2  
  31  2:46  Zergling x2  
  31  2:48  Lair  
  32  2:54  Zergling x2  
  33  3:00  Zergling x2  
  33  3:04  Zergling x2  
  35  3:19  Zergling x2  
  36  3:20  Overlord  
  35  3:47  Zergling x4  
  35  3:48  Zergling x12  
  42  3:56  Drone  
  42  3:57  Spire  
  41  4:05  Zergling x4  
  38  4:31  Drone  
Show
View Real Time Build Order
Export as new Build Order

lulue Terran 

Build Orders:  

Get SALT Encoding   

  12  0:02  SCV  
  13  0:14  SCV  
  14  0:22  Supply Depot  
  14  0:29  SCV  
  15  0:44  SCV  
  16  0:50  Barracks  
  16  0:56  SCV  
  17  1:01  Refinery  
  17  1:06  Barracks  
  17  1:08  SCV  
  18  1:11  Refinery  
  18  1:20  SCV  
  19  1:32  SCV  
  20  1:46  Orbital Command  
  20  1:50  Reaper  
  21  1:57  Supply Depot  
  22  2:08  Reaper  
  22  2:15  SCV  
  22  2:22  Barracks  
  23  2:44  Barracks Reactor  
  23  2:51  Supply Depot  
  23  2:53  Reaper  
  24  3:16  Engineering Bay  
  24  3:18  Command Center  
  24  3:26  Reaper  
  24  3:27  Reaper x3  
  27  3:59  Reaper x4  
  31  4:10  SCV  
  32  4:23  SCV  
  33  4:29  Refinery  
  34  4:32  Refinery  
Show
View Real Time Build Order
Export as new Build Order

maverick Terran 

Build Orders:  

Get SALT Encoding   

  12  0:01  SCV  
  13  0:13  SCV  
  14  0:18  Supply Depot  
  14  0:25  SCV  
  15  0:29  Refinery  
  15  0:40  SCV  
  16  0:45  Barracks  
  16  0:58  Barracks  
  16  1:03  SCV  
  17  1:21  Barracks  
  17  1:27  Refinery  
  17  1:33  Reaper  
  17  1:36  SCV  
  19  1:46  Reaper  
  20  1:48  SCV  
  21  2:00  Supply Depot  
  22  2:05  Reaper  
  22  2:13  Orbital Command  
  22  2:18  Reaper  
  23  2:24  Reaper  
  24  2:38  Reaper  
  25  2:50  Reaper  
  25  2:56  Reaper  
  26  3:08  SCV  
  26  3:10  Reaper  
  28  3:20  SCV  
  28  3:22  Reaper  
  30  3:28  Reaper  
  31  3:42  Reaper  
  32  3:54  Reaper  
  33  4:00  Reaper  
Tags
 
Add a new tag
Caveats
  • Supply blocks, unpowered buildings, or Contaminate may cause inaccurate times.
  • Supply counts are checked every 10 seconds.